[Event "WJCC U20 Open 2019"]
[Site "New Delhi"]
[Date "2019.10.19"]
[Round "6.13"]
[White "Kollars, Dmitrij"]
[Black "Hollan, Martin"]
[Result "1-0"]
[ECO "B38"]
[WhiteElo "2587"]
[BlackElo "2403"]
[Annotator "ChessBase"]
[PlyCount "113"]
[EventDate "2019.10.15"]
[EventType "swiss"]
[EventCountry "IND"]
[SourceTitle "playchess.com"]
[Source "ChessBase"]
[SourceQuality "1"]
[TimeControl "40/5400+30:1800+30"]

1. e4 c5 2. Nf3 Nc6 3. d4 cxd4 4. Nxd4 g6 5. c4 Bg7 6. Be3 Nf6 7. Nc3 O-O 8. Be2 d6 9. f3 Nxd4 10. Bxd4 Be6 11. O-O Nd7 12. Kh1 a5 13. f4 Bxd4 14. Qxd4 Qb6 15. Qd2 Nf6 16. f5 gxf5 17. exf5 Bd7 18. Nd5 Nxd5 19. cxd5 f6 20. Bh5 Be8 21. Bxe8 Raxe8 22. Rae1 Rf7 23. Rf3 Rg7 24. Rb3 Qa6 25. Rc3 Rg5 26. h4 Rg4 27. g3 Qb5 28. Kh2 Qb4 29. Qe2 Rg7 30. Rb3 Qd4 31. Rxb7 Qxd5 32. Qe6+ Qxe6 33. Rxe6 Rg4 34. Rbxe7 Rxe7 35. Rxe7 Rd4 36. Rb7 Rd5 37. g4 h5 38. gxh5 Rxf5 39. h6 Rf3 40. Kg2 Rd3 41. a4 d5 42. Kf2 Rh3 43. Rb5 Rxh4 44. Rxa5 Rh2+ 45. Ke3 Rxb2 46. Rxd5 Rh2 47. a5 Rxh6 48. Kd4 Kf7 49. a6 Ke6 50. Rd8 Rh7 51. Kc5 f5 52. Re8+ Kf6 53. Kb6 f4 54. a7 Rxa7 55. Kxa7 Kf5 56. Kb6 f3 57. Kc5 {[%emt 0:00:00] Ke5} 1-0

[Event "WJCC U20 Open 2019"]
[Site "New Delhi"]
[Date "2019.10.19"]
[Round "6.14"]
[White "Bharath Subramaniyam H"]
[Black "Albornoz Cabrera, Carlos Daniel"]
[Result "0-1"]
[ECO "C77"]
[WhiteElo "2417"]
[BlackElo "2581"]
[Annotator "ChessBase"]
[PlyCount "124"]
[EventDate "2019.10.15"]
[EventType "swiss"]
[EventCountry "IND"]
[SourceTitle "playchess.com"]
[Source "ChessBase"]
[SourceQuality "1"]
[TimeControl "40/5400+30:1800+30"]

1. e4 e5 2. Nf3 Nc6 3. Bb5 a6 4. Ba4 Nf6 5. Qe2 b5 6. Bb3 Be7 7. c3 d5 8. d4 exd4 9. e5 Ne4 10. Nxd4 Nxe5 11. f3 Nc5 12. O-O Ng6 13. Bc2 Ne6 14. Nxe6 fxe6 15. Bxg6+ hxg6 16. Bf4 Bc5+ 17. Kh1 Bd6 18. Be5 Bxe5 19. Qxe5 Qd6 20. Re1 Rh5 21. Qxd6 cxd6 22. a4 bxa4 23. Rxa4 Rb8 24. Re2 Rb6 25. Rd4 Bd7 26. Na3 Re5 27. Rxe5 dxe5 28. Rd2 Ke7 29. Kg1 g5 30. Kf2 Be8 31. Ke3 Bg6 32. Ke2 Rb8 33. Ke3 Rh8 34. h3 Rb8 35. Ke2 e4 36. c4 exf3+ 37. gxf3 Kd6 38. Kf2 Kc5 39. cxd5 exd5 40. Kg3 Rb4 41. Re2 Bf5 42. Rd2 g6 43. Kg2 Rb3 44. Kg3 d4 45. Kg2 Rb8 46. Re2 Kd5 47. Rd2 Rh8 48. Nc2 Bxc2 49. Rxc2 d3 50. Rc7 Re8 51. f4 gxf4 52. Kf3 g5 53. Rd7+ Kc4 54. Rc7+ Kb3 55. Rc3+ Kxb2 56. Rxd3 Re3+ 57. Rxe3 fxe3 58. Kxe3 a5 59. Ke4 a4 60. Kf5 a3 61. Kxg5 a2 62. h4 a1=Q 0-1

[Event "WJCC U20 Open 2019"]
[Site "New Delhi"]
[Date "2019.10.19"]
[Round "6.16"]
[White "Drygalov, Sergey"]
[Black "Amartuvshin, Ganzorig"]
[Result "1-0"]
[ECO "B48"]
[WhiteElo "2470"]
[BlackElo "2391"]
[Annotator "ChessBase"]
[PlyCount "55"]
[EventDate "2019.10.15"]
[EventType "swiss"]
[EventCountry "IND"]
[SourceTitle "playchess.com"]
[Source "ChessBase"]
[SourceQuality "1"]
[TimeControl "40/5400+30:1800+30"]

1. e4 c5 2. Nf3 e6 3. d4 cxd4 4. Nxd4 Nc6 5. Nc3 Qc7 6. Be3 a6 7. Qf3 d6 8. Nxc6 bxc6 9. O-O-O Nf6 10. g4 h5 11. gxh5 Nxh5 12. Bc4 g6 13. Rhg1 Rb8 14. Bd4 e5 15. Be3 a5 16. Bb3 Nf4 17. Bxf4 exf4 18. e5 dxe5 19. Ba4 Be7 20. Nd5 Qb7 21. Qc3 Kf8 22. Bxc6 Rh3 23. Qxe5 Rh5 24. Qc3 Qa7 25. Rde1 Rh3 26. Qe5 Bc5 27. Rxg6 Be3+ 28. Rxe3 1-0

[Event "WJCC U20 Open 2019"]
[Site "New Delhi"]
[Date "2019.10.19"]
[Round "6.17"]
[White "Janik, Igor"]
[Black "Pogosyan, Stefan"]
[Result "1/2-1/2"]
[ECO "E04"]
[WhiteElo "2467"]
[BlackElo "2364"]
[Annotator "ChessBase"]
[PlyCount "61"]
[EventDate "2019.10.15"]
[EventType "swiss"]
[EventCountry "IND"]
[SourceTitle "playchess.com"]
[Source "ChessBase"]
[SourceQuality "1"]
[TimeControl "40/5400+30:1800+30"]

1. d4 Nf6 2. c4 e6 3. Nf3 d5 4. g3 dxc4 5. Bg2 a6 6. O-O Nc6 7. Be3 Rb8 8. Qc1 Nd5 9. Qxc4 Nxe3 10. fxe3 Bd6 11. Nc3 O-O 12. Rad1 b5 13. Qd3 Bb7 14. e4 e5 15. d5 Na7 16. Rf2 Bc8 17. Rdf1 Bd7 18. Nd1 Nc8 19. Ne3 g6 20. h4 Qe7 21. Ng5 f6 22. Bh3 Bxh3 23. Nxh3 Bc5 24. Ng5 Nd6 25. Ne6 Nc4 26. Nxc4 Bxf2+ 27. Rxf2 bxc4 28. Qxc4 Rf7 29. Qxa6 Qb4 30. Qc6 Qxb2 31. Ng5 1/2-1/2

[Event "WJCC U20 Open 2019"]
[Site "New Delhi"]
[Date "2019.10.19"]
[Round "6.18"]
[White "Sammed Jaykumar, Shete"]
[Black "Rahul Srivatshav P"]
[Result "1-0"]
[ECO "B48"]
[WhiteElo "2392"]
[BlackElo "2460"]
[Annotator "ChessBase"]
[PlyCount "41"]
[EventDate "2019.10.15"]
[EventType "swiss"]
[EventCountry "IND"]
[SourceTitle "playchess.com"]
[Source "ChessBase"]
[SourceQuality "1"]
[TimeControl "40/5400+30:1800+30"]

1. e4 c5 2. Nf3 e6 3. d4 cxd4 4. Nxd4 Nc6 5. Nc3 Qc7 6. Be3 a6 7. a3 b5 8. Nxc6 Qxc6 9. Be2 Bb7 10. O-O Ne7 11. f4 Nf5 12. Bf2 Bc5 13. Qd3 Rd8 14. Rad1 h5 15. Kh1 h4 16. Bxc5 Ng3+ 17. hxg3 hxg3+ 18. Kg1 Qxc5+ 19. Qd4 Qe7 20. Bg4 f5 21. Bh3 1-0

[Event "WJCC U20 Open 2019"]
[Site "New Delhi"]
[Date "2019.10.19"]
[Round "6.19"]
[White "Anuj Shrivatri"]
[Black "Raja Harshit"]
[Result "1-0"]
[ECO "A46"]
[WhiteElo "2390"]
[BlackElo "2440"]
[Annotator "NA"]
[PlyCount "131"]
[EventDate "2019.10.15"]
[EventType "swiss"]
[EventCountry "IND"]
[SourceTitle "playchess.com"]
[Source "ChessBase"]
[SourceQuality "1"]
[TimeControl "40/5400+30:1800+30"]

1. d4 Nf6 2. Nf3 e6 3. g3 c5 4. Bg2 cxd4 5. O-O d5 6. Nxd4 Be7 7. c4 O-O 8. cxd5 Nxd5 9. Nb5 $11 Bd7 10. N1c3 Nxc3 11. Nxc3 Bc6 12. Qb3 Qc8 13. Be3 Bxg2 14. Kxg2 Qc6+ 15. Kg1 Na6 16. Rac1 Nc5 17. Bxc5 Qxc5 18. Qxb7 Rab8 19. Qf3 Qa5 20. b3 Rfd8 21. Rfd1 Ba3 22. Rb1 h6 23. Kg2 Be7 24. Na4 Bf6 25. Qf4 Qb5 26. Qe4 Qa5 27. Rbc1 Rd2 28. Rc5 Qd8 29. Rxd2 Qxd2 30. Qc2 Qd7 31. Nb2 Qb7+ 32. Kg1 Rd8 33. Nd3 Bd4 34. Rc7 Qa6 35. a4 e5 36. Qc6 Qxc6 37. Rxc6 Rb8 38. Nc5 Bxc5 39. Rxc5 Rxb3 40. Rxe5 Rb7 41. Ra5 g6 42. g4 Kg7 43. Ra6 Rc7 44. Kg2 Rb7 45. Kg3 Rc7 46. h4 Rc2 47. e3 Rc7 48. f4 Rb7 49. h5 gxh5 50. gxh5 Rc7 51. e4 Rd7 52. e5 Rc7 53. Kg4 Rb7 54. Kf3 Rc7 55. Kg4 Rb7 56. f5 Rc7 57. Kf3 Rb7 58. Ke4 Rd7 59. Rd6 Rb7 60. Kd5 Rc7 61. Ra6 Rb7 62. Kc6 Rb1 63. Rxa7 Kf8 64. Ra5 Rf1 65. f6 Kg8 66. Rb5 1-0

[Event "WJCC U20 Open 2019"]
[Site "New Delhi"]
[Date "2019.10.19"]
[Round "6.21"]
[White "Kuybokarov, Temur"]
[Black "Saurabh Anand"]
[Result "1-0"]
[ECO "C84"]
[WhiteElo "2501"]
[BlackElo "2236"]
[Annotator "ChessBase"]
[PlyCount "73"]
[EventDate "2019.10.15"]
[EventType "swiss"]
[EventCountry "IND"]
[SourceTitle "playchess.com"]
[Source "ChessBase"]
[SourceQuality "1"]
[TimeControl "40/5400+30:1800+30"]

1. e4 e5 2. Nf3 Nc6 3. Bb5 a6 4. Ba4 Nf6 5. O-O Be7 6. d3 b5 7. Bb3 d6 8. a3 Na5 9. Ba2 c5 10. Nc3 Be6 11. Nh4 O-O 12. Nf5 Bxf5 13. exf5 d5 14. Bg5 c4 15. Qe2 h6 16. Bh4 d4 17. Nb1 Qc7 18. Nd2 Rac8 19. Nf3 Bd6 20. Bxf6 gxf6 21. Nd2 Kh7 22. Ne4 Be7 23. Qh5 Nb7 24. f4 exf4 25. Rf3 Kg7 26. Qg4+ Kh7 27. Qh4 Kg7 28. Rxf4 h5 29. Qg3+ Kh6 30. Qf3 Kg7 31. Rh4 Rh8 32. Re1 Nc5 33. Ng3 Na4 34. Rxh5 Rcg8 35. Rxh8 Rxh8 36. Qe2 Qe5 37. Qg4+ 1-0

[Event "WJCC U20 Open 2019"]
[Site "New Delhi"]
[Date "2019.10.19"]
[Round "6.22"]
[White "O`Donnell, Conor"]
[Black "Arjun Kalyan"]
[Result "0-1"]
[ECO "D37"]
[WhiteElo "2345"]
[BlackElo "2483"]
[Annotator "ChessBase"]
[PlyCount "94"]
[EventDate "2019.10.15"]
[EventType "swiss"]
[EventCountry "IND"]
[SourceTitle "playchess.com"]
[Source "ChessBase"]
[SourceQuality "1"]
[TimeControl "40/5400+30:1800+30"]

1. d4 d5 2. c4 e6 3. Nc3 Be7 4. Nf3 Nf6 5. Bf4 O-O 6. e3 b6 7. Rc1 Bb7 8. cxd5 Nxd5 9. Nxd5 Qxd5 10. a3 Nd7 11. Rxc7 Rac8 12. Rxc8 Rxc8 13. Bd3 Qa5+ 14. Ke2 Ba6 15. Re1 Bxa3 16. Qb3 Bxd3+ 17. Qxd3 Bxb2 18. Kf1 Qc3 19. Qxc3 Bxc3 20. Rc1 b5 21. Nd2 Nb6 22. Ne4 Bb4 23. Ra1 Na4 24. Rb1 Rc4 25. Bd6 f5 26. Rxb4 Rc1+ 27. Ke2 fxe4 28. Kd2 Rc6 29. Bg3 a6 30. f3 exf3 31. gxf3 Kf7 32. e4 Nb6 33. Kd3 Rc1 34. Kd2 Ra1 35. Rb3 Ra2+ 36. Kc3 Ke7 37. Be5 g6 38. Kb4 Nc4 39. Bf4 Kd7 40. d5 exd5 41. exd5 Ra4+ 42. Kc5 Na5 43. Rd3 Rxf4 44. Kb6 Nc4+ 45. Kxa6 Ne5 46. Re3 Kd6 47. Kxb5 Kxd5 0-1

[Event "WJCC U20 Open 2019"]
[Site "New Delhi"]
[Date "2019.10.19"]
[Round "6.23"]
[White "Kukelko, Alexey"]
[Black "Vykouk, Jan"]
[Result "1/2-1/2"]
[ECO "B32"]
[WhiteElo "2342"]
[BlackElo "2468"]
[Annotator "ChessBase"]
[PlyCount "77"]
[EventDate "2019.10.15"]
[EventType "swiss"]
[EventCountry "IND"]
[SourceTitle "playchess.com"]
[Source "ChessBase"]
[SourceQuality "1"]
[TimeControl "40/5400+30:1800+30"]

1. e4 c5 2. Nf3 Nc6 3. d4 cxd4 4. Nxd4 Qb6 5. Nb3 Nf6 6. Nc3 e6 7. Qe2 Bb4 8. Bd2 O-O 9. a3 Bxc3 10. Bxc3 e5 11. O-O-O a5 12. f3 a4 13. Nd2 d5 14. exd5 Nxd5 15. Nc4 Qc5 16. Bxe5 Nxe5 17. Qxe5 Be6 18. Nd6 Rad8 19. Nc4 b5 20. Nd2 b4 21. axb4 Qc8 22. Bc4 Nxb4 23. Qb5 Nxc2 24. Kxc2 Rxd2+ 25. Rxd2 Bxc4 26. Qa5 Ba2+ 27. Kd1 Qc4 28. Qc3 Qe6 29. Re2 Qg6 30. Kd2 Rd8+ 31. Ke3 Re8+ 32. Kf2 Rxe2+ 33. Kxe2 Qxg2+ 34. Ke3 h6 35. Ra1 Bb3 36. Qc8+ Kh7 37. Qf5+ g6 38. Qe5 Bc4 39. Re1 1/2-1/2

[Event "WJCC U20 Open 2019"]
[Site "New Delhi"]
[Date "2019.10.19"]
[Round "6.24"]
[White "Neelash Saha"]
[Black "Batsuren, Dambasuren"]
[Result "1-0"]
[ECO "B10"]
[WhiteElo "2334"]
[BlackElo "2454"]
[Annotator "ChessBase"]
[PlyCount "101"]
[EventDate "2019.10.15"]
[EventType "swiss"]
[EventCountry "IND"]
[SourceTitle "playchess.com"]
[Source "ChessBase"]
[SourceQuality "1"]
[TimeControl "40/5400+30:1800+30"]

1. e4 c6 2. Nc3 d5 3. Qf3 Nf6 4. e5 Nfd7 5. Qg3 e6 6. d4 Qb6 7. Nf3 Na6 8. Be2 Nb4 9. Bd1 c5 10. dxc5 Nxc5 11. O-O Nc6 12. Be2 a6 13. Rd1 h6 14. Rb1 Qc7 15. Be3 Qa5 16. a3 Nd7 17. h4 g6 18. Bd3 Bg7 19. Bf4 Ne7 20. Ne2 Qc7 21. b4 Nb6 22. Nh2 Bd7 23. Ng4 O-O-O 24. Ne3 Kb8 25. b5 a5 26. Rdc1 Nc4 27. Rb3 Rdg8 28. Rc3 Bxb5 29. Rb1 Ba6 30. Nxc4 dxc4 31. Be4 Rd8 32. Re3 Nc6 33. Nc3 Nd4 34. Nd5 Rxd5 35. Bxd5 Nf5 36. Qf3 Rd8 37. Be4 Nxe3 38. Qxe3 Bf8 39. Qf3 Rc8 40. a4 Qd7 41. c3 Rc7 42. Be3 Bc5 43. Rd1 Qe7 44. Bxh6 Qxh4 45. Bg7 Qh5 46. g4 Qh4 47. Bf6 Qh6 48. Kg2 Be7 49. Bxe7 Rxe7 50. Rd8+ Ka7 51. Qd1 1-0

[Event "WJCC U20 Open 2019"]
[Site "New Delhi"]
[Date "2019.10.19"]
[Round "6.25"]
[White "Pranav, V."]
[Black "Tica, Sven"]
[Result "1-0"]
[ECO "B12"]
[WhiteElo "2308"]
[BlackElo "2418"]
[Annotator "NA RC"]
[PlyCount "93"]
[EventDate "2019.10.15"]
[EventType "swiss"]
[EventCountry "IND"]
[SourceTitle "playchess.com"]
[Source "ChessBase"]
[SourceQuality "1"]
[TimeControl "40/5400+30:1800+30"]

1. e4 c6 2. d4 d5 3. e5 Bf5 4. Nf3 e6 5. Be2 Ne7 6. O-O h6 7. Nbd2 Nd7 8. c3 Bh7 9. Re1 Nf5 10. Nf1 Be7 11. Bd3 c5 12. Ng3 Nxg3 13. Bxh7 Rxh7 14. hxg3 cxd4 15. cxd4 Rc8 16. Be3 Nb8 17. b4 Nc6 18. a3 Qb6 19. Rc1 Rh8 20. Nd2 Kd7 21. Nb3 Qa6 22. Rc3 b6 23. Bd2 Rc7 24. Qb1 Rb8 25. Rec1 Bd8 26. Qh7 Rbc8 27. Rf3 Ne7 28. Rb1 Rc2 29. Qxg7 Ra2 30. Qxf7 Rcc2 31. b5 Qxa3 32. Nc5+ bxc5 33. Rxa3 Rxa3 34. dxc5 Rxc5 35. Bxh6 d4 36. Rd1 d3 37. g4 Rxe5 38. Qh7 Rd5 39. g5 Rf5 40. g6 Bb6 41. Be3 Bxe3 42. fxe3 Rxb5 43. g7 Rg5 44. Qh4 Rg6 45. Qb4 Ra2 46. Qb5+ Kd6 47. Qxd3+ 1-0

[Event "WJCC U20 Open 2019"]
[Site "New Delhi"]
[Date "2019.10.19"]
[Round "6.26"]
[White "Percivaldi, Martin"]
[Black "Milikow, Yoav"]
[Result "1-0"]
[ECO "A50"]
[WhiteElo "2391"]
[BlackElo "2199"]
[Annotator "NA"]
[PlyCount "79"]
[EventDate "2019.10.15"]
[EventType "swiss"]
[EventCountry "IND"]
[SourceTitle "playchess.com"]
[Source "ChessBase"]
[SourceQuality "1"]
[TimeControl "40/5400+30:1800+30"]

1. d4 Nf6 2. c4 g6 3. f3 Nc6 4. d5 Ne5 5. e4 d6 6. Nc3 Bg7 7. f4 Ned7 8. Nh3 O-O 9. Be2 e6 10. dxe6 fxe6 11. Be3 b6 12. O-O Bb7 13. Bf3 a6 14. Ng5 Re8 15. Qc2 Ra7 16. Rad1 Qa8 17. Rfe1 Bc6 18. Bc1 e5 19. f5 h6 20. Ne6 gxf5 21. exf5 Kh7 22. Nd5 Bxd5 23. Bxd5 Qc8 24. Re3 c6 25. Rg3 Nc5 26. Qd2 Nxe6 27. Bxe6 Rxe6 28. fxe6 Qxe6 29. Qd3+ e4 30. Qxd6 Qxc4 31. Rf1 Rf7 32. Qf4 Kh8 33. Qf5 Qd5 34. Qg6 Qc5+ 35. Be3 Qf8 36. Bxh6 Bxh6 37. Rh3 Qg7 38. Rxh6+ Kg8 39. Rxf6 Rxf6 40. Qxf6 1-0

[Event "WJCC U20 Open 2019"]
[Site "New Delhi"]
[Date "2019.10.19"]
[Round "6.28"]
[White "Sankalp Gupta"]
[Black "Nitish Belurkar"]
[Result "1-0"]
[ECO "C11"]
[WhiteElo "2369"]
[BlackElo "2311"]
[Annotator "NA RC"]
[PlyCount "89"]
[EventDate "2019.10.15"]
[EventType "swiss"]
[EventCountry "IND"]
[SourceTitle "playchess.com"]
[Source "ChessBase"]
[SourceQuality "1"]
[TimeControl "40/5400+30:1800+30"]

1. e4 e6 2. d4 d5 3. Nc3 Nf6 4. e5 Nfd7 5. f4 c5 6. Nf3 Nc6 7. Be3 a6 8. Qd2 Qb6 9. O-O-O Qc7 10. dxc5 Bxc5 11. Bxc5 Nxc5 12. Qe3 Ne7 13. g4 b5 $11 14. Ne2 Bb7 15. Ned4 Nc8 16. f5 Nb6 17. Qg5 Rg8 18. Bd3 h6 19. Qh4 Qe7 20. fxe6 fxe6 21. Bg6+ Kd7 22. Rhf1 Raf8 23. b4 Nca4 24. Qxe7+ Kxe7 25. Bh7 g5 26. Bxg8 Rxg8 27. Rde1 Nc3 28. Nd2 Nd7 29. a3 Ne4 30. N4f3 Nf8 31. Nxe4 dxe4 32. Nd2 Ng6 33. Nxe4 Nf4 34. Nf6 Rc8 35. Rd1 Bd5 36. Kb2 Rc4 37. Rf2 a5 38. bxa5 Ra4 39. Rdd2 b4 40. axb4 Rxb4+ 41. Ka3 Rb1 42. h4 Rb5 43. hxg5 hxg5 44. Rh2 Rxa5+ 45. Kb4 1-0

[Event "WJCC U20 Open 2019"]
[Site "New Delhi"]
[Date "2019.10.19"]
[Round "6.30"]
[White "Garidmagnai, Byambasuren"]
[Black "Lobanov, Sergei"]
[Result "1/2-1/2"]
[ECO "A06"]
[WhiteElo "2327"]
[BlackElo "2516"]
[Annotator "ChessBase"]
[PlyCount "140"]
[EventDate "2019.10.15"]
[EventType "swiss"]
[EventCountry "IND"]
[SourceTitle "playchess.com"]
[Source "ChessBase"]
[SourceQuality "1"]
[TimeControl "40/5400+30:1800+30"]

1. Nf3 d5 2. b3 c5 3. Bb2 Nc6 4. e3 Nf6 5. Be2 e6 6. O-O Bd6 7. c4 d4 8. exd4 cxd4 9. a3 e5 10. d3 O-O 11. b4 a5 12. c5 Bc7 13. b5 Ne7 14. Nbd2 Ned5 15. Re1 Nf4 16. Bf1 Qd5 17. Qb3 Qxb3 18. Nxb3 a4 19. Nbd2 Re8 20. Nc4 Ng6 21. g3 Bf5 22. b6 Bb8 23. Rad1 Bd7 24. Bg2 Bc6 25. Re2 Re6 26. Rde1 Nd7 27. Nxd4 exd4 28. Bxc6 bxc6 29. Bxd4 Ngf8 30. f4 g6 31. Ne3 h5 32. f5 gxf5 33. Nxf5 Kh7 34. Bf2 Be5 35. d4 Bf6 36. Nd6 Rxd6 37. cxd6 Nxb6 38. Rc2 Rc8 39. Rb1 Nfd7 40. Rb4 Kg6 41. Kg2 Kf5 42. Re2 Bg7 43. Reb2 c5 44. Rb5 Ke4 45. dxc5 Bxb2 46. Rxb2 Nc4 47. Rb7 Nde5 48. Rb4 Kd5 49. Rxa4 Nc6 50. h3 f5 51. Ra6 Rb8 52. g4 hxg4 53. hxg4 Rg8 54. Kh3 f4 55. Bh4 N4e5 56. Ra4 Rf8 57. Bg5 f3 58. Rf4 Rxf4 59. Bxf4 Ke4 60. Kg3 Nd3 61. Bg5 Nxc5 62. a4 Nd4 63. a5 Ne2+ 64. Kh2 Nf4 65. Kg3 Nfe6 66. a6 Nxa6 67. d7 Nb4 68. d8=Q Nxd8 69. Bxd8 Ke3 70. Bb6+ Ke4 1/2-1/2

[Event "WJCC U20 Open 2019"]
[Site "New Delhi"]
[Date "2019.10.19"]
[Round "6.31"]
[White "Wagh Suyog"]
[Black "Nigmatov, Ortik"]
[Result "0-1"]
[ECO "E94"]
[WhiteElo "2229"]
[BlackElo "2494"]
[Annotator "ChessBase"]
[PlyCount "102"]
[EventDate "2019.10.15"]
[EventType "swiss"]
[EventCountry "IND"]
[SourceTitle "playchess.com"]
[Source "ChessBase"]
[SourceQuality "1"]
[TimeControl "40/5400+30:1800+30"]

1. d4 Nf6 2. c4 g6 3. Nc3 Bg7 4. e4 d6 5. Nf3 O-O 6. Be2 e5 7. O-O c6 8. dxe5 dxe5 9. Nxe5 Nxe4 10. Nxe4 Bxe5 11. Bg5 Qc7 12. f4 Bxb2 13. Bf6 Qb6+ 14. c5 Qb4 15. Bxb2 Qxb2 16. Rb1 Qg7 17. Qd6 Nd7 18. Rfd1 Re8 19. Bf3 f5 20. Ng5 Qc3 21. Rbc1 Qe3+ 22. Kf1 Qe7 23. Re1 Qxd6 24. cxd6 Nf6 25. Rxe8+ Nxe8 26. Rd1 Bd7 27. Be2 Nf6 28. Bc4+ Kg7 29. Nf3 b5 30. Bb3 c5 31. Ne5 c4 32. Bc2 Rb8 33. Re1 Rd8 34. Rb1 Nd5 35. Kf2 Nc3 36. Rc1 Be6 37. Bxf5 gxf5 38. Rxc3 Rxd6 39. Ke2 Rd4 40. Ra3 Rxf4 41. Rxa7+ Kf6 42. Nf3 Re4+ 43. Kd2 b4 44. Ra6 Ke7 45. Ra7+ Kd6 46. Ra6+ Kc5 47. Ng5 c3+ 48. Kd1 Rd4+ 49. Kc1 Bd5 50. Ne6+ Bxe6 51. Rxe6 Rd2 0-1

[Event "WJCC U20 Open 2019"]
[Site "New Delhi"]
[Date "2019.10.19"]
[Round "6.32"]
[White "Muradli, Mahammad"]
[Black "Tifferet, Shaked"]
[Result "0-1"]
[ECO "D80"]
[WhiteElo "2459"]
[BlackElo "2224"]
[Annotator "ChessBase"]
[PlyCount "88"]
[EventDate "2019.10.15"]
[EventType "swiss"]
[EventCountry "IND"]
[SourceTitle "playchess.com"]
[Source "ChessBase"]
[SourceQuality "1"]
[TimeControl "40/5400+30:1800+30"]

1. d4 Nf6 2. c4 g6 3. Nc3 d5 4. Bg5 c5 5. Bxf6 exf6 6. Nf3 dxc4 7. d5 Qa5 8. Nd2 b5 9. g3 b4 10. Nce4 Qd8 11. Nxc4 f5 12. Ned2 Nd7 13. Bg2 Nb6 14. a4 Bg7 15. Qc2 Ba6 16. O-O O-O 17. Rad1 Qf6 18. a5 Nd7 19. Rb1 Bb5 20. Rfd1 Rfe8 21. e3 Rad8 22. Nf3 Qa6 23. Nfd2 h5 24. Rbc1 h4 25. Nb3 Rc8 26. Bf1 Bh6 27. d6 Qb7 28. Bg2 Bc6 29. Bxc6 Qxc6 30. Qd3 Qf3 31. Qf1 Qh5 32. Qh3 Bg5 33. a6 Re6 34. Rd5 Re4 35. Ncd2 Rg4 36. Kf1 c4 37. Rd4 Rxd4 38. Nxd4 c3 39. Nb1 c2 40. Nxc2 Rxc2 41. Rxc2 Qd1+ 42. Kg2 Qxc2 43. gxh4 Qe4+ 44. Qf3 Bf6 0-1

[Event "WJCC U20 Open 2019"]
[Site "New Delhi"]
[Date "2019.10.19"]
[Round "6.33"]
[White "Di Benedetto, Edoardo"]
[Black "De Silva, L M S T"]
[Result "1-0"]
[ECO "E48"]
[WhiteElo "2401"]
[BlackElo "1879"]
[Annotator "NA"]
[PlyCount "149"]
[EventDate "2019.10.15"]
[EventType "swiss"]
[EventCountry "IND"]
[SourceTitle "playchess.com"]
[Source "ChessBase"]
[SourceQuality "1"]
[TimeControl "40/5400+30:1800+30"]

1. d4 Nf6 2. c4 e6 3. Nc3 Bb4 4. e3 O-O 5. Bd3 d5 6. cxd5 exd5 7. Nge2 b6 8. O-O Bb7 9. f3 c5 10. a3 Bxc3 11. bxc3 Nc6 12. g4 h6 13. Rf2 Rc8 14. Rg2 Ne8 $11 15. Kh1 Na5 16. Rb1 cxd4 17. exd4 Nc4 18. g5 hxg5 19. Bxg5 f6 20. Bf4 Qe7 21. Ng3 Ncd6 22. Qc2 Bc6 23. Rbg1 Rc7 24. Nf5 Nxf5 25. Bxf5 Rb7 26. Bc8 Qxa3 27. Be6+ Rff7 28. Bh6 Kf8 29. Bxf7 Rxf7 30. Bc1 Qa5 31. Qb3 Kg8 32. Re1 Qb5 33. Qxb5 Bxb5 34. Bf4 Kf8 35. Ra2 a6 36. Kg2 Re7 37. Raa1 Bc4 38. Rab1 Rxe1 39. Rxe1 Kf7 40. Rb1 Bb5 41. Bb8 Ke6 42. Ba7 Nd6 43. Bxb6 Nb7 44. Kg3 Kd7 45. h4 Kc6 46. Ba7 a5 47. Kf4 g6 48. Rg1 Bd3 49. Ke3 Bf5 50. Ra1 Kb5 51. Bc5 a4 52. Be7 Na5 53. Bxf6 Nb3 54. Ra3 Bd7 55. Be7 Kc4 56. Kf4 Kxc3 57. Kg5 Be8 58. f4 Kxd4 59. f5 gxf5 60. h5 Bxh5 61. Rxa4+ Kc3 62. Bf6+ Kd3 63. Kxh5 d4 64. Kg5 Kc3 65. Kxf5 Kd3 66. Kf4 Kc3 67. Kg3 Kd3 68. Bh8 Kc3 69. Bg7 Kd3 70. Kf4 Kc3 71. Kf5 Kd3 72. Kg6 Kc3 73. Kf7 Kd3 74. Ke7 Kc3 75. Kd6 1-0

[Event "WJCC U20 Open 2019"]
[Site "New Delhi"]
[Date "2019.10.19"]
[Round "6.35"]
[White "Rakesh Kumar Jena"]
[Black "Vatsal Singhania"]
[Result "1/2-1/2"]
[ECO "D02"]
[WhiteElo "2355"]
[BlackElo "2157"]
[Annotator "NA"]
[PlyCount "67"]
[EventDate "2019.10.15"]
[EventType "swiss"]
[EventCountry "IND"]
[SourceTitle "playchess.com"]
[Source "ChessBase"]
[SourceQuality "1"]
[TimeControl "40/5400+30:1800+30"]

1. d4 Nf6 2. Nf3 d5 3. Bf4 c5 4. e3 Nc6 5. Nbd2 Qb6 6. dxc5 Qxb2 7. Rb1 Qc3 8. Bb5 e6 9. O-O Be7 10. Bxc6+ bxc6 $11 11. Ne5 Ba6 12. Nxc6 Qxc5 13. Nxe7 Qxe7 14. c4 O-O 15. Qa4 Bxc4 16. Nxc4 dxc4 17. Qxc4 Rac8 18. Qa6 Rfd8 19. Rb7 Qc5 20. Qxa7 Qxa7 21. Rxa7 h5 22. Bg5 Rc2 23. a4 Ra2 24. g3 Rc8 25. Bxf6 gxf6 26. Kg2 Rc4 27. a5 Rca4 28. Kh3 Rxa5 29. Rxa5 Rxa5 30. Kh4 Kg7 31. g4 Rg5 32. gxh5 Kh6 33. f4 Rg2 34. Kh3 1/2-1/2

[Event "WJCC U20 Open 2019"]
[Site "New Delhi"]
[Date "2019.10.19"]
[Round "6.36"]
[White "Cansun, Can Alp"]
[Black "Eugene, Floryan"]
[Result "0-1"]
[ECO "C70"]
[WhiteElo "2199"]
[BlackElo "2346"]
[Annotator "NA"]
[PlyCount "98"]
[EventDate "2019.10.15"]
[EventType "swiss"]
[EventCountry "IND"]
[SourceTitle "playchess.com"]
[Source "ChessBase"]
[SourceQuality "1"]
[TimeControl "40/5400+30:1800+30"]

1. e4 e5 2. Nf3 Nc6 3. Bb5 a6 4. Ba4 Nge7 5. c3 g6 6. d4 exd4 7. cxd4 Bg7 8. O-O O-O 9. d5 Na5 10. Nc3 b5 11. Bc2 d6 12. Rb1 b4 13. Ne2 Bg4 14. Nf4 c5 15. b3 Nc8 16. Bd3 Re8 17. h3 Bd7 18. Qc2 Na7 19. Bb2 Bb5 20. Rfe1 Bxd3 21. Nxd3 Nb5 22. e5 Rc8 23. e6 fxe6 24. dxe6 Bxb2 25. Qxb2 Nc3 26. Nf4 Qf6 27. Qd2 Nxb1 28. Rxb1 Nc6 29. h4 Rf8 30. g3 Ne5 31. Qd5 Nxf3+ 32. Qxf3 Qxe6 33. Rd1 Rce8 34. Qd3 Qg4 35. Qd5+ Kh8 36. Kf1 Rf6 37. Rd3 Qf5 38. Qxf5 gxf5 39. Nd5 Rfe6 40. Ne3 f4 41. gxf4 Re4 42. f5 Rd4 43. Ke2 Ree4 44. Kd2 Rxh4 45. Nc4 Kg7 46. Rxd4 Rxd4+ 47. Ke3 Rxc4 48. bxc4 Kf6 49. Kf4 a5 0-1

[Event "WJCC U20 Open 2019"]
[Site "New Delhi"]
[Date "2019.10.19"]
[Round "6.37"]
[White "Papadiamandis, Elliot"]
[Black "Jablonicky, Martin"]
[Result "1/2-1/2"]
[ECO "B06"]
[WhiteElo "2190"]
[BlackElo "2333"]
[Annotator "NA"]
[PlyCount "83"]
[EventDate "2019.10.15"]
[EventType "swiss"]
[EventCountry "IND"]
[SourceTitle "playchess.com"]
[Source "ChessBase"]
[SourceQuality "1"]
[TimeControl "40/5400+30:1800+30"]

1. e4 g6 2. d4 Bg7 3. Nf3 c6 4. Nc3 d5 5. Bf4 Bg4 6. e5 $11 Qb6 7. Qd2 Bxf3 8. gxf3 e6 9. O-O-O Nd7 10. Na4 Qc7 11. Bg5 b5 12. Nc3 b4 13. Ne2 Qa5 14. Kb1 c5 15. f4 c4 16. Rg1 Bf8 17. Rg3 Rb8 18. f5 gxf5 19. Nf4 Rb6 20. Ra3 Qb5 21. Rxa7 Ra6 22. Rxa6 Qxa6 23. Nh5 Nb6 24. Be2 Na4 25. Rg1 Qa5 26. Rg3 Qb6 27. Nf6+ Nxf6 28. Bxf6 Nc3+ 29. Ka1 Ne4 30. Qe3 Nxf6 31. exf6 f4 32. Qxf4 Bd6 33. Qe3 Bxg3 34. fxg3 Qa5 35. Bh5 Qa6 36. c3 bxc3 37. Qxc3 Qb6 38. Qa3 Qd8 39. Qa4+ Kf8 40. Qa3+ Ke8 41. Qa4+ Kf8 42. Qa3+ 1/2-1/2